 Dungeon Crawl Stone Soup version 0.17-a0-1504-gb7d9117 (webtiles) character file.

213 urechis the Cudgeler (level 5, -8/57 HPs)
             Began as an Ogre Gladiator on July 9, 2015.
             Mangled by an ogre
             ... wielding a +0 giant club
              (14 damage)
             ... on level 3 of the Dungeon.
             The game lasted 00:05:31 (3338 turns).

urechis the Cudgeler (Ogre Gladiator)               Turns: 3338, Time: 00:05:32

Health: -8/57      AC:  6    Str: 21    XL:     5   Next: 90%
Magic:  0/5        EV: 10    Int:  7    God:
Gold:   185        SH:  0    Dex: 10    Spells: 0 memorised, 4 levels left

rFire  . . .     SeeInvis .     t - +0 whip (drain)
rCold  . . .     Clarity  .     b - +0 robe
rNeg   . . .     SustAt   .     (no shield)
rPois  .         Gourm    .     (helmet restricted)
rElec  .         Spirit   +     m - +2 cloak
rCorr  .         Warding  .     (gloves unavailable)
rMut   .         Stasis   .     (boots unavailable)
MR     .....                    g - amulet of guardian spirit
Stlth  +.........               (no ring)
                                (no ring)

@: drained, not resistant to hostile enchantments, very unstealthy
A: unfitting armour, tough skin 1
a: no special abilities


You were on level 3 of the Dungeon.
You were hungry.

You visited 1 branch of the dungeon, and saw 4 of its levels.

You collected 185 gold pieces.

Inventory:

Hand weapons
 a - a +0 flail
 t - a +0 whip of draining (weapon)
Missiles
 e - 2 throwing nets (quivered)
Armour
 b - a +0 robe (worn)
 m - a +2 cloak (worn)
Jewellery
 g - an amulet of guardian spirit (around neck)
 i - an uncursed ring of wizardry {unknown}
Scrolls
 f - 3 scrolls of blinking {unknown}
 h - a scroll of remove curse {unknown}
 k - 4 scrolls of identify {unknown}
 p - 3 scrolls of magic mapping {unknown}
Potions
 c - 5 potions of haste {unknown}
 j - 2 potions of curing {unknown}
 l - a potion of beneficial mutation {unknown}
 q - 3 potions of might {unknown}
 r - 3 potions of flight {unknown}
Comestibles
 d - 2 bread rations
 n - 3 meat rations
 o - a beef jerky


   Skills:
 + Level 5.0(4.5) Fighting
 * Level 7.2(6.7) Maces & Flails
 - Level 2.1(1.7) Throwing
 - Level 2.6(2.2) Dodging


You had 4 spell levels left.
You didn't know any spells.

Dungeon Overview and Level Annotations

Branches:
Dungeon (4/15)
 Temple: D:4-7

Altars:
Cheibriados
Elyvilon
Nemelex Xobeh
Okawaru
Sif Muna
Trog
Zin


Innate Abilities, Weirdness & Mutations

You are too large for most types of armour.
You have tough skin (AC +1).


Message History

You completely miss the ogre.
The ogre is moderately wounded.
You hit the ogre.
The ogre is heavily wounded.
The ogre hits you with a giant club!
You hit the ogre but do no damage. You drain the ogre!
The ogre is heavily wounded.
You hit the ogre but do no damage.
The ogre is heavily wounded.
The ogre hits you with a giant club!!
* * * LOW HITPOINT WARNING * * *
The ogre hits you with a giant club!
* * * LOW HITPOINT WARNING * * *
Throwing (i - inventory):
e - 3 throwing nets (quivered)
Press: ? - help, Shift-Dir - straight line, f - ogre
Aim: an ogre, wielding a giant club (heavily wounded, heavily drained)
You throw a throwing net.
The throwing net completely misses the ogre.
The ogre hits you with a giant club!
You die...

#.# ##...... #.###.......
####### #.##........ #####
#.....# #.##...#..#.
#######...####.###.#
#.........#.
........#........#.#
####........
.######...####.#.#.#
#........ .# ##### #.....#
#........ .# ###@###
###.....# .# #O# ##...## .#
#.# #...# .# #.# #...# .##
####### #.# #...# ..##
#.....####.###########...##
...#
#.....#....(...............
..##
#.........(................
.##
#.....#.......##...........


You could see an ogre.

Vanquished Creatures
  A hound (D:4)
  A worker ant (D:4)
  5 adders
  3 gnolls (D:3)
  2 oozes
  3 worms
  6 giant geckos
  A ball python (D:3)
  5 giant cockroaches
  3 hobgoblins
  6 jackals
  A quokka (D:2)
  4 bats
  4 giant newts
  11 goblins
  7 kobolds
  9 rats
72 creatures vanquished.

Notes
Turn   | Place    | Note
--------------------------------------------------------------
     0 | D:1      | urechis the Ogre Gladiator began the quest for the Orb.
     0 | D:1      | Reached XP level 1. HP: 22/22 MP: 1/1
   109 | D:1      | Reached XP level 2. HP: 4/31 MP: 2/2
   511 | D:1      | Found a sparkling altar of Nemelex Xobeh.
   586 | D:1      | Reached XP level 3. HP: 27/37 MP: 3/3
   599 | D:1      | Reached skill level 5 in Maces & Flails
  1210 | D:2      | Reached XP level 4. HP: 48/48 MP: 4/4
  1226 | D:2      | Found a glowing silver altar of Zin.
  1226 | D:2      | Found a snail-covered altar of Cheibriados.
  1227 | D:2      | Found a white marble altar of Elyvilon.
  1236 | D:2      | Found a deep blue altar of Sif Muna.
  1346 | D:2      | Found an iron altar of Okawaru.
  1616 | D:2      | Reached skill level 6 in Maces & Flails
  2152 | D:3      | Found a bloodstained altar of Trog.
  2159 | D:3      | Reached XP level 5. HP: 53/55 MP: 5/5
  2352 | D:3      | Noticed an ogre
  2833 | D:3      | Reached skill level 7 in Maces & Flails
  2844 | D:3      | Reached skill level 5 in Fighting
  3338 | D:3      | Mangled by an ogre

Vault maps used:
D:1:      scummos_arrival_star, nemelex_deck
D:2:      nicolae_overflow_quartered_altars, first_bread,
          minmay_strange_pillars, okawaru_trees_2
D:3:      old_standard_altar
D:4:      fedhas_altar_2, lemuel_round_altar

Action                   |  1- 3 |  4- 6 || total
-------------------------+-------+-------++-------
Melee: Flail             |    86 |   142 ||   228
       Whip              |       |    16 ||    16
Throw: Throwing net      |       |     1 ||     1
 Stab: Sleeping          |       |     2 ||     2
  Eat: Chunk             |     1 |     6 ||     7
